 Dungeon Crawl Stone Soup version 0.20-a0-941-gba1b1f9 (webtiles) character file.

105 Krakonus1 the Ducker (level 4, -7/32 HPs)
             Began as an Octopode Fighter on Apr 1, 2017.
             Killed by nerve-wracking pain
             ... invoked by an orc priest
              (14 damage)
             ... on level 3 of the Dungeon.
             The game lasted 00:12:51 (2086 turns).

Krakonus1 the Ducker (Octopode Fighter)             Turns: 2086, Time: 00:12:52

Health: -7/32      AC:  1    Str: 15    XL:     4   Next: 81%
Magic:  4/4        EV: 12    Int: 10    God:
Gold:   198        SH:  9    Dex: 12    Spells: 1/3 levels left

rFire    . . .     SeeInvis +   a - +0 trident
rCold    . . .     Gourm    .   b - +0 shield
rNeg     . . .     Faith    .   (helmet restricted)
rPois    .         Spirit   .   (no amulet)
rElec    .         Reflect  .   j - ring of see invisible
rCorr    .         Harm     .   i - ring of stealth
MR       .....                  (no ring)
Stlth    +++.......             (no ring)
Regen    0.1/turn               (no ring)
MPRegen  0.1/turn               (no ring)
                                (no ring)
                                (no ring)

@: no status effects
A: almost no armour, stealthy swim, amphibious, 8 rings, constrict 8, camouflage
1, gelatinous body 1
a: no special abilities


You were on level 3 of the Dungeon.
You were not hungry.

You visited 1 branch of the dungeon, and saw 3 of its levels.

You collected 198 gold pieces.

Inventory:

Hand Weapons
 a - a +0 trident (weapon)
Armour
 b - a +0 shield (worn)
Jewellery
 i - a ring of stealth (right tentacle)
 j - a ring of see invisible (left tentacle)
Scrolls
 e - 3 scrolls of remove curse
 g - a scroll of noise
 h - 2 scrolls of magic mapping
 k - 3 scrolls of teleportation
 s - a scroll of recharging {unknown}
Potions
 c - a potion of might
 l - 2 potions of heal wounds
 p - a potion of degeneration
 r - a potion of cancellation
Books
 q - a book of Burglary

   Spells                             Type                      Level
   a - Swiftness                      Charms/Air                   2
   b - Passwall                       Transmutation/Earth          2
   c - Passage of Golubria            Translocation                4
   d - Lee's Rapid Deconstruction     Earth                        5
   e - Darkness                       Hexes                        6
   f - Invisibility                   Hexes                        6
Comestibles
 d - 4 bread rations
 f - a royal jelly
 m - 8 fruits
 n - a meat ration
 o - 9 chunks of flesh


   Skills:
 * Level 3.6 Fighting
 * Level 3.2 Polearms
 * Level 3.6 Dodging
 * Level 3.5 Shields


You had one spell level left.
You knew the following spells:

 Your Spells              Type           Power        Failure   Level  Hunger
a - Passwall              Tmut/Erth      #.........   99%         2    ###....


Dungeon Overview and Level Annotations

Branches:
Dungeon (3/15)

Altars:
Dithmenos


Innate Abilities, Weirdness & Mutations

You cannot wear most types of armour.
You are very stealthy in the water. (Stealth+)
You are amphibious.
You can wear up to eight rings at the same time.
You can use your tentacles to constrict eight enemies at once.
Your skin changes colour to match your surroundings (Stealth+).
Your rubbery body absorbs attacks. (AC +1, EV +1)


Message History

You constrict the leopard gecko.
You kill the leopard gecko!
A goblin comes into view.
You hit the orc. You grab the orc. Your squeeze misses the orc.
The orc is heavily wounded.
You constrict the orc.
The orc struggles to escape constriction.
The orc barely misses you.
You puncture the orc!
You kill the orc!
The orc barely misses you.
You closely miss the orc priest. You grab the orc priest.
You constrict the orc priest.
The orc priest mumbles some strange prayers to Beogh against you.
Pain shoots through your body!
* * * LOW HITPOINT WARNING * * *
You block the orc's attack.
The orc priest invokes the aid of Beogh against you.
Pain shoots through your body!
You die...

...... .....
....## ....# ...##
####### go.###
##...... #o...#
##....... #@o#
.####........
#..##.............
#...######........
#.....##..........
##.##....#........
#..####...........
#..##.............
##.##...####.##...
#.....### #......


You could see an orc priest, 2 orcs and a goblin.

Vanquished Creatures
  Robin (D:2)
  An adder (D:2)
  A worm (D:2)
  4 leopard geckos
  3 orcs (D:3)
  5 giant cockroaches
  18 goblins
  3 hobgoblins
  3 jackals (D:2)
  10 kobolds
  7 bats
  6 frilled lizards
  7 rats
69 creatures vanquished.

Notes
Turn   | Place    | Note
-------+----------+-------------------------------------------
     0 | D:1      | Krakonus1 the Octopode Fighter began the quest for the Orb.
     0 | D:1      | Reached XP level 1. HP: 16/16 MP: 1/1
   182 | D:1      | Reached XP level 2. HP: 13/21 MP: 2/2
   680 | D:2      | Found a shadowy altar of Dithmenos.
   765 | D:2      | Reached XP level 3. HP: 26/26 MP: 3/3
  1358 | D:2      | Reached XP level 4. HP: 20/31 MP: 4/4
  1374 | D:2      | Noticed Robin
  1518 | D:2      | Killed Robin
  1716 | D:2      | Learned a level 2 spell: Passwall
  2086 | D:3      | Killed from afar by an orc priest

Vault maps used:
D:1:      wheals_arrival_shading
D:2:      kennysheep_goblin_castle, first_bread,
          grunt_dithmenos_smoke_and_mirrors
D:3:      kennysheep_generic_room_2

Skill      XL: |  1  2  3  4 |
---------------+-------------+-----
Polearms       | 3 |  3.2
Fighting       | |  3.6
Dodging        | |  3.6
Shields        | |  3.5

Action                   |  1- 3 |  4- 6 || total
-------------------------+-------+-------++-------
Melee: Trident           |    83 |    66 ||   149
       Constrict         |    16 |    10 ||    26
       Tentacles         |     5 |     5 ||    10
  Use: Scroll            |     2 |     6 ||     8
       Potion            |     1 |       ||     1
 Stab: Sleeping          |    12 |       ||    12
       Distracted        |       |     1 ||     1
  Eat: Chunk             |     1 |     3 ||     4
Armor: Skin              |     4 |     1 ||     5
Dodge: Dodged            |    19 |    23 ||    42
Block: Shield            |    21 |    16 ||    37
